Map: Base du roi Sejong EC

Players

zidar

  • Race: Zerg Zerg
  • League: Platinum
  • Spawn Location: 11:00

Alqwa - Winner!

  • Race: Terran Terran
  • Spawn Location: 5:00

VOD

Have the link to the VOD?

Description

Time

  • Played on: Oct. 20, 2016, 1:56 p.m.
  • Length: 7:06
Show
View Real Time Build Order
Export as new Build Order

zidar Zerg 

Build Orders: Hatch First 

Get SALT Encoding   

  12  0:01  Drone  
  13  0:12  Overlord  
  13  0:18  Drone  
  14  0:30  Drone x2  
  16  0:51  Hatchery  
  16  0:53  Drone  
  16  0:56  Extractor  
  15  0:58  Drone  
  16  1:16  Spawning Pool  
  15  1:19  Drone  
  15  1:24  Drone  
  17  1:29  Drone  
  18  1:37  Drone  
  19  2:03  Queen x2  
  19  2:04  Metabolic Boost  
  23  2:08  Zergling x2  
  23  2:12  Zergling x2  
  26  2:15  Zergling x2  
  25  2:24  Drone x2  
  25  2:26  Drone  
  28  2:41  Overlord  
  28  2:42  Overlord  
  28  3:01  Roach Warren  
  28  3:03  Queen  
  29  3:14  Queen  
  31  3:39  Queen  
  33  4:11  Roach  
  33  4:12  Roach x4  
  33  4:16  Overlord x2  
  43  4:32  Lair  
  43  4:33  Evolution Chamber  
  33  4:51  Zergling x26  
  29  5:21  Queen  
  23  5:39  Zergling x2  
  23  5:40  Zergling x12  
  28  5:58  Extractor, Spire  
  18  6:11  Zergling x4  
  21  6:27  Zergling x2  
  21  6:28  Zergling x8  
Show
View Real Time Build Order
Export as new Build Order

Alqwa Terran - Winner!

Build Orders: Liberator Opening 

Get SALT Encoding   

  12  0:01  SCV  
  13  0:13  SCV  
  14  0:18  Supply Depot  
  14  0:25  SCV  
  15  0:29  Refinery  
  15  0:40  SCV  
  15  0:41  Refinery  
  16  0:52  SCV  
  17  0:58  Barracks  
  17  1:04  SCV  
  18  1:16  SCV  
  19  1:28  SCV, Supply Depot  
  20  1:41  SCV  
  21  1:47  Factory  
  21  1:49  Marine  
  22  2:00  Orbital Command  
  22  2:07  Barracks Tech Lab  
  22  2:26  SCV  
  23  2:36  Starport  
  23  2:40  Siege Tank  
  23  2:41  Barracks Reactor  
  23  2:42  SCV  
  27  2:46  Supply Depot  
  27  3:05  SCV  
  28  3:08  Supply Depot  
  28  3:12  Siege Tank, Medivac  
  33  3:18  Marine x2  
  35  3:25  Liberator  
  35  3:31  Supply Depot  
  35  3:37  Barracks  
  35  3:39  Marine x2  
  35  3:40  Supply Depot  
  40  4:01  Siege Tank  
  43  4:06  Marine x2  
  45  4:10  Supply Depot  
  42  5:04  Marine x2  
  42  5:05  Liberator, Siege Tank  
  43  5:22  Marine  
  47  5:37  Siege Tank  
  47  5:40  Marine x2  
  52  5:54  Liberator  
  52  5:58  Marine x2  
  54  6:13  Siege Tank  
  54  6:15  Marine  
  54  6:16  Marine  
  59  6:33  Marine x2  
Tags
 
Add a new tag
Caveats
  • Supply blocks, unpowered buildings, or Contaminate may cause inaccurate times.
  • Supply counts are checked every 10 seconds.